 Dungeon Crawl Stone Soup version 0.15.1 (webtiles) character file.

137 DrPain the Sneak (level 5, -1/25 HPs)
             Began as a Spriggan Assassin on Sept 16, 2014.
             Killed by nerve-wracking pain
             ... invoked by an orc priest
              (4 damage)
             ... on Level 3 of the Dungeon.
             The game lasted 00:05:46 (3557 turns).

DrPain the Sneak (Spriggan Assassin)                Turns: 3557, Time: 00:05:46

HP  -1/25        AC  3     Str  7      XL: 5   Next:  0%
MP  10/10        EV 19     Int 13      God:
Gold 184         SH  0     Dex 18      Spells:  0 memorised,  4 levels left

rFire  . . .     SeeInvis +     f - +0 blowgun
rCold  . . .     Clarity  .     c - +0 robe
rNeg   . . .     rCorr    .     (shield restricted)
rPois  .         rRot     .     (helmet restricted)
rElec  .         Spirit   .     d - +0 cloak
SustAb .         Warding  .     (gloves unavailable)
rMut   .         Stasis   .     (boots unavailable)
Gourm  .                        (no amulet)
MR     .....                    (no ring)
                                (no ring)

@: very quick, not resistant to hostile enchantments, stealthy
A: unfitting armour, see invisible, herbivore 3, speed 3, slow metabolism 2
a: no special abilities


You were on level 3 of the Dungeon.
You were not hungry.

You visited 1 branch of the dungeon, and saw 3 of its levels.

You collected 184 gold pieces.

Inventory:

Hand weapons
 f - a +0 blowgun (weapon)
 n - a +0 long sword
 w - a +2 dagger
Missiles
 b - 2 curare-tipped needles
 e - 38 poisoned needles
 m - a needle of sleeping (quivered)
Armour
 c - a +0 robe (worn)
 d - a +0 cloak (worn)
Comestibles
 s - 2 royal jellies
 t - 3 bread rations
Scrolls
 a - a scroll of fear {unknown}
 h - a scroll of immolation {unknown}
 k - 2 scrolls of identify {unknown}
 o - a scroll of recharging {unknown}
 u - a scroll of blinking {unknown}
 v - a scroll of random uselessness {unknown}
Jewellery
 i - an uncursed amulet of clarity {unknown}
 q - an uncursed ring of wizardry {unknown}
Potions
 g - a potion of porridge
 j - a potion of restore abilities {unknown}
 l - 2 potions of agility {unknown}
 p - a potion of poison {unknown}
 r - 2 potions of curing {unknown}


   Skills:
 - Level 1.5 Fighting
 - Level 5.0 Short Blades
 - Level 2.1 Throwing
 + Level 3.9 Dodging
 - Level 5.8 Stealth


You had 4 spell levels left.
You didn't know any spells.

Dungeon Overview and Level Annotations

Branches:
Dungeon (3/15)

Altars:
Elyvilon
Kikubaaqudgha


Innate Abilities, Weirdness & Mutations

You are tiny and cannot use many weapons and most armour.
You have supernaturally acute eyesight.
You are a herbivore.
You cover ground extremely quickly.
You need consume almost no food.


Message History

Aim: an orc (poisoned)
You shoot a poisoned needle. The poisoned needle hits the orc!
The orc looks even sicker.
The orc priest invokes the aid of Beogh against you.
Something smites you!
Ouch! That really hurt!
* * * LOW HITPOINT WARNING * * *
You kill the orc!
You have reached level 5!
You feel clever.
Quiver which item? (- for none, * to show all) (? for menu, Esc to quit)
Quivering
m - 2 needles of sleeping for blowguns.
Firing (i - inventory. (,) - cycle):
m - 2 needles of sleeping (quivered)
Press: ? - help, Shift-Dir - straight line, f - orc priest
Aim: an orc priest, wielding a dagger You shoot a needle of sleeping.
The needle of sleeping closely misses the orc priest.
The orc priest mumbles some strange prayers to Beogh against you.
Pain shoots through your body!
You die...

#### ##### .(. ##...## ######.##
##.....##
#.....)(################>...%..#
#..)....(.o.%...@..............##
#.####..........######...........
#.########.# ####.....### #.
##.## #.# ##...## # #. ##...#####
#.# ##.##### #.##........###.#
#...... #..#....##...##.#####
####### #..#.#.###.#........# #
#......# #...#...##.# #


You could see an orc priest.

Vanquished Creatures
  Jessica (D:3)
  Terence (D:2)
  3 adders
  A giant mite (D:2)
  A worm (D:2)
  2 giant geckos
  An ooze (D:1)
  3 orcs (D:3)
  2 ball pythons (D:1)
  5 bats
  2 giant cockroaches (D:1)
  6 goblins
  8 hobgoblins
  5 jackals (D:3)
  11 kobolds
  2 giant newts
  A quokka (D:3)
  3 rats
58 creatures vanquished.

Notes
Turn   | Place    | Note
--------------------------------------------------------------
     0 | D:1      | DrPain, the Spriggan Assassin, began the quest for the Orb.
     0 | D:1      | Reached XP level 1. HP: 10/10 MP: 2/2
   173 | D:1      | Reached XP level 2. HP: 14/14 MP: 4/4
  1200 | D:2      | Noticed Terence
  1205 | D:2      | Killed Terence
  1205 | D:2      | Reached XP level 3. HP: 18/18 MP: 6/6
  2571 | D:2      | Reached XP level 4. HP: 14/22 MP: 8/8
  2894 | D:3      | Reached skill level 5 in Short Blades
  2970 | D:3      | Found a white marble altar of Elyvilon.
  3139 | D:3      | Noticed Jessica
  3147 | D:3      | Killed Jessica
  3257 | D:3      | Found an ancient bone altar of Kikubaaqudgha.
  3556 | D:3      | Reached XP level 5. HP: 3/25 MP: 10/10
  3557 | D:3      | Killed from afar by an orc priest

Action                   |  1- 3 |  4- 6 || total
-------------------------+-------+-------++-------
Melee: Dagger            |    93 |    95 ||   188
 Fire: Blowgun           |     5 |     5 ||    10
 Stab: Sleeping          |    12 |     6 ||    18
